 Dungeon Crawl Stone Soup version 0.20-a0-270-g8e735b6 (webtiles) character file.

3956 Kidiri the Thaumaturge (level 10, -1/54 HPs)
             Began as a Deep Elf Fire Elementalist on Dec 9, 2016.
             Was an Initiate of Vehumet.
             Slain by a deep elf mage
             ... wielding a +0 short sword
              (5 damage)
             ... in a bailey.
             The game lasted 00:26:25 (9138 turns).

Kidiri the Thaumaturge (Deep Elf Fire Elementalist) Turns: 9138, Time: 00:26:25

Health: -1/54      AC:  4    Str:  4 (7)  XL:     10   Next: 2%
Magic:  30/35      EV: 14    Int: 31 (33) God:    Vehumet [......]
Gold:   461        SH:  0    Dex: 12 (15) Spells: 3/30 levels left

rFire  . . .     SeeInvis .     p - +1 dagger
rCold  . . .     Gourm    .     (no armour)
rNeg   . . .     Faith    .     (no shield)
rPois  .         Spirit   .     (no helmet)
rElec  .         Reflect  .     f - +0 cloak
rCorr  .         Harm     .     w - +0 pair of gloves
MR     +....                    H - +1 pair of boots
Stlth  ++........               (no amulet)
                                s - +4 ring of intelligence
                                C - ring of magical power

@: brilliant, very slightly contaminated
A: strong 1, evolution 1
a: Renounce Religion


You were in a bailey.
You worshipped Vehumet.
Vehumet was noncommittal.
You were not hungry.

You visited 2 branches of the dungeon, and saw 9 of its levels.
You also visited: Bailey.

You collected 461 gold pieces.

Inventory:

Hand Weapons
 p - a +1 dagger (weapon)
Armour
 f - a +0 cloak (worn)
 w - a +0 pair of gloves (worn)
 B - a +1 robe
 H - a +1 pair of boots (worn)
 N - a +2 leather armour of cold resistance
Jewellery
 l - a +3 ring of dexterity
 s - a +4 ring of intelligence (right hand)
 C - a ring of magical power (left hand)
 I - an uncursed ring of flight
 K - a +3 ring of protection
Wands
 m - a wand of random effects (4/48)
 y - a wand of random effects (28/48)
 M - a wand of flame (0/48)
 P - a wand of slowing (31/48)
Scrolls
 e - a scroll of remove curse
 g - 2 scrolls of fog
 n - 5 scrolls of amnesia
 r - a scroll of recharging
 t - a scroll of magic mapping
 v - 2 scrolls of teleportation
 L - 2 scrolls of identify
Potions
 b - a potion of haste {unknown}
 d - a potion of invisibility
 h - 3 potions of degeneration
 i - 3 potions of might
 j - 2 potions of ambrosia
 o - 3 potions of flight
 q - a potion of agility {unknown}
 u - a potion of brilliance
 x - 2 potions of resistance {unknown}
 A - 2 potions of cancellation
 D - a potion of heal wounds {unknown}
 J - a potion of magic {unknown}
 O - a potion of lignification {unknown}
Books
 E - Qaitt's Grimoire of the Mountains and Conjuration
   (You acquired it on level 6 of the Dungeon)

   Spells                             Type                      Level
   a - Magic Dart                     Conjuration                  1
   b - Searing Ray                    Conjuration                  2
   c - Stone Arrow                    Conjuration/Earth            3
   d - Fulminant Prism                Conjuration/Hexes            4
   e - Iskenderun's Battlesphere      Conjuration/Charms           5
   f - Freezing Cloud                 Conjuration/Ice/Air          6
   g - Statue Form                    Transmutation/Earth          6
   h - Orb of Destruction             Conjuration                  7
Comestibles
 a - 2 royal jellies
 c - 4 bread rations
 z - a beef jerky
 F - 3 meat rations


   Skills:
 + Level 2.6 Fighting
 + Level 3.6 Short Blades
 + Level 3.1 Armour
 + Level 5.0 Dodging
 - Level 2.4 Stealth
 * Level 10.5 Spellcasting
 + Level 5.4 Conjurations
 + Level 6.4 Fire Magic
 + Level 2.1 Ice Magic
 + Level 2.4 Air Magic
 + Level 2.5 Earth Magic
 + Level 4.4 Evocations


You had 3 spell levels left.
You knew the following spells:

 Your Spells              Type           Power        Failure   Level  Hunger
a - Flame Tongue          Conj/Fire      #####        1%          1    None
b - Throw Flame           Conj/Fire      ######       1%          2    None
c - Conjure Flame         Conj/Fire      ######..     1%          3    None
d - Inner Flame           Hex/Fire       ######..     1%          3    None
e - Sticky Flame          Conj/Fire      ######..     1%          4    None
f - Fireball              Conj/Fire      ######....   1%          5    ###....
g - Stone Arrow           Conj/Erth      ######       1%          3    None
h - Freezing Cloud        Conj/Ice/Air   ######....   30%         6    #####..


Dungeon Overview and Level Annotations

Branches:
Dungeon (8/15)             Temple (1/1) D:6
   Lair: D:8-11

Altars:
Ashenzari
Cheibriados
Dithmenos
Elyvilon
Fedhas
Gozag
Hepliaklqana
Kikubaaqudgha
Makhleb
Nemelex Xobeh
Okawaru
Qazlal
Ru
Sif Muna
Trog
Uskayaw
Vehumet
Xom
Zin
The Shining One

Shops:
D:6 (

Annotations:
Bailey Borgoz's ghost, novice TrMo


Innate Abilities, Weirdness & Mutations

Your muscles are strong. (Str +2)
You evolve.


Message History

The deep elf mage casts a spell.
The deep elf mage blinks!
Borgoz's ghost hits you.
* * * LOW HITPOINT WARNING * * *
It was a potion of degeneration.
There was something very wrong with that liquid.
You feel weakened.
You feel dopey.
You feel clumsy.
Your surroundings suddenly seem different.
A deep elf mage comes into view. It is wielding a long sword.
The deep elf mage shouts!
A deep elf mage comes into view. It is wielding a short sword.
The deep elf mage shouts!
A deep elf mage comes into view. It is wielding a rapier of venom.
The deep elf mage shouts!
The deep elf mage casts a spell.
The deep elf mage conjures a globe of magical energy!
A battlesphere comes into view.
It was a potion of brilliance.
You feel clever all of a sudden.
The deep elf mage hits you with a short sword.
You die...

.##
######..
#@*##....
#eee.#...e
#....#
....
##..## ..#
##'#
#'##### .#
#e...## ..
#)....# ..
#..∩..#
#...§.#


You could see 3 deep elf magi and a battlesphere.

Vanquished Creatures
  2 deep elf magi (Bailey)
  A hornet (D:7)
  Grinder (D:5)
  A hippogriff (D:5)
  A wyvern (D:6)
  Eustachio (D:5)
  A water moccasin (D:5)
  Duvessa (D:4)
  2 ice beasts (D:5)
  A phantom (D:7)
  3 sky beasts
  3 centaurs
  2 bullfrogs (D:6)
  Dowan (D:4)
  A wyvern skeleton (D:8)
  2 scorpions
  A howler monkey (D:4)
  2 crimson imps
  2 bullfrog zombies (D:5)
  2 hounds
  4 orc wizards
  3 orc priests
  A bullfrog skeleton (D:5)
  Natasha (thrice) (D:4)
  2 iguanas
  7 worker ants
  A killer bee zombie (D:7)
  2 gnolls (D:3)
  5 adders
  3 shadow imps
  3 oozes
  An adder zombie (D:5)
  An adder skeleton (D:5)
  2 worms
  6 dart slugs
  6 leopard geckos
  19 orcs
  8 bats
  5 giant cockroaches
  7 goblins
  9 hobgoblins
  10 jackals
  3 quokkas
  A ball python (D:1)
  9 frilled lizards
  A giant cockroach zombie (D:5)
  4 kobolds
  A leopard gecko skeleton (D:4)
  A leopard gecko zombie (D:5)
  A quokka skeleton (D:6)
  15 rats
175 creatures vanquished.

Notes
Turn   | Place    | Note
-------+----------+-------------------------------------------
     0 | D:1      | Kidiri the Deep Elf Fire Elementalist began the quest for the Orb.
     0 | D:1      | Reached XP level 1. HP: 10/10 MP: 6/6
   236 | D:1      | Reached XP level 2. HP: 15/15 MP: 2/8
   240 | D:1      | Learned a level 2 spell: Throw Flame
   671 | D:1      | Reached skill level 4 in Spellcasting
  1319 | D:2      | Reached XP level 3. HP: 19/19 MP: 7/10
  1324 | D:2      | Learned a level 3 spell: Conjure Flame
  1328 | D:2      | Learned a level 3 spell: Inner Flame
  1539 | D:2      | Found a deep blue altar of Sif Muna.
  1856 | D:2      | Gained mutation: Your muscles are strong. (Str +2) [potion of beneficial mutation]
  1930 | D:2      | Reached skill level 5 in Spellcasting
  1935 | D:2      | Reached XP level 4. HP: 20/24 MP: 4/13
  1945 | D:2      | Learned a level 4 spell: Sticky Flame
  3060 | D:3      | Reached XP level 5. HP: 14/28 MP: 0/15
  3211 | D:3      | Found an iron altar of Okawaru.
  3260 | D:3      | Reached skill level 6 in Spellcasting
  3707 | D:4      | Noticed Duvessa
  3713 | D:4      | Noticed Dowan
  3734 | D:4      | Killed Duvessa
  3734 | D:4      | Reached skill level 7 in Spellcasting
  3734 | D:4      | Reached XP level 6. HP: 32/32 MP: 1/18
  4316 | D:4      | Noticed Natasha
  4323 | D:4      | Killed Natasha
  4429 | D:4      | Noticed Natasha
  4541 | D:4      | Killed Natasha
  4541 | D:4      | Reached skill level 8 in Spellcasting
  4541 | D:4      | Reached skill level 5 in Fire Magic
  4541 | D:4      | Reached XP level 7. HP: 36/36 MP: 6/20
  4548 | D:4      | Learned a level 5 spell: Fireball
  4576 | D:4      | Noticed Natasha
  4577 | D:4      | Killed Natasha
  4956 | D:4      | Killed Dowan
  5191 | D:5      | Entered Level 5 of the Dungeon
  5207 | D:5      | Reached skill level 1 in Evocations
  5316 | D:5      | Reached skill level 1 in Short Blades
  5316 | D:5      | Reached skill level 1 in Armour
  5324 | D:5      | Gained mutation: You expend magic power (3 MP) to strengthen your wands. [mutagenic meat]
  5325 | D:5      | Gained mutation: Your spells are a little harder to cast, but a little more powerful. [mutagenic meat]
  5326 | D:5      | Gained mutation: You evolve. [mutagenic meat]
  5327 | D:5      | Lost mutation: You expend magic power (3 MP) to strengthen your wands. [mutagenic meat]
  5352 | D:5      | Lost mutation: Your spells are a little harder to cast, but a little more powerful. [mutagenic meat]
  5353 | D:5      | Gained mutation: Your magical capacity is low. (-10% MP) [mutagenic meat]
  5514 | D:5      | Noticed Grinder
  5588 | D:5      | Killed Grinder
  5588 | D:5      | Reached skill level 1 in Fighting
  5588 | D:5      | Reached skill level 9 in Spellcasting
  5588 | D:5      | Reached XP level 8. HP: 23/43 MP: 7/20
  5733 | D:5      | Noticed Eustachio
  5788 | D:5      | Noticed a hippogriff
  5794 | D:5      | Killed a hippogriff
  6421 | D:5      | Lost mutation: Your magical capacity is low. (-10% MP) [evolution]
  6638 | D:5      | Killed Eustachio
  6813 | D:6      | Identified a scroll of acquirement
  6813 | D:6      | Identified Qaitt's Grimoire of the Mountains and Conjuration (You acquired it on level 6 of the Dungeon)
  6819 | D:6      | Learned a level 3 spell: Stone Arrow
  6837 | D:6      | Found Efitiy's Antique Weapon Shoppe.
  6837 | D:6      | Found a snail-covered altar of Cheibriados.
  6847 | D:6      | Found a staircase to the Ecumenical Temple.
  6856 | Temple   | Entered the Ecumenical Temple
  7046 | D:6      | Reached XP level 9. HP: 29/48 MP: 24/24
  7054 | D:6      | Learned a level 6 spell: Freezing Cloud
  7480 | D:6      | Reached skill level 1 in Earth Magic
  7603 | D:6      | Found a bloodstained altar of Trog.
  7603 | D:6      | Found a shadowy altar of Dithmenos.
  7641 | D:5      | Reached skill level 1 in Air Magic
  7642 | D:5      | Reached skill level 10 in Spellcasting
  7805 | D:7      | Paralysed by a hornet for 2 turns
  7842 | D:7      | Reached skill level 1 in Ice Magic
  7896 | D:7      | Reached skill level 5 in Conjurations
  7929 | D:7      | Found a burning altar of Makhleb.
  7930 | D:7      | Found a radiant altar of Vehumet.
  7937 | D:7      | Became a worshipper of Vehumet
  8798 | D:8      | Found a flagged portal.
  8811 | Bailey   | Entered a bailey
  8860 | Bailey   | Noticed a deep elf mage
  8861 | Bailey   | Noticed a deep elf mage
  8869 | Bailey   | Killed a deep elf mage
  8878 | Bailey   | Noticed Borgoz's ghost (novice TrMo)
  9076 | Bailey   | Killed a deep elf mage
  9076 | Bailey   | Reached skill level 5 in Dodging
  9076 | Bailey   | Reached XP level 10. HP: 53/54 MP: 26/26
  9125 | Bailey   | Noticed a deep elf mage
  9129 | Bailey   | Noticed a deep elf mage
  9130 | Bailey   | Noticed a deep elf mage
  9137 | Bailey   | Noticed a deep elf mage
  9137 | Bailey   | Noticed a deep elf mage
  9137 | Bailey   | Noticed a deep elf mage
  9138 | Bailey   | Slain by a deep elf mage

Vault maps used:
D:1:      erik_arrival_cave_to_civilisation
D:2:      wad_pebble_path, lemuel_doored_altar, minmay_misc_feat_nine_boxes,
          grunt_decor_one_mirror, minmay_rat_gold_closets
D:3:      okawaru_altar_gauntlet_db
D:4:      first_bread, uniq_duvessa, uniq_natasha
D:5:      uniq_grinder, uniq_eustachio
D:6:      gammafunk_temple_overflow_pools, serial_shops,
          nicolae_shop_temple_entry_statues_fountains, minmay_misc_feat_plants,
          kennysheep_slug_shrine
D:7:      grunt_temple_overflow_lords_of_destruction
D:8:      kennysheep_little_box, enter_bailey_2
Temple:   zaba_magenta_temple
Bailey:   bailey_polearm_3, bailey

Skill      XL: |  1  2  3  4  5  6  7  8  9 |
---------------+----------------------------+-----
Spellcasting   | 4 5 7 8 9 10 | 10.5
Conjurations   | 2 3 4 5 |  5.4
Fire Magic     | 4 5 6 |  6.4
Evocations     | 2 3 4 |  4.4
Short Blades   | 1 2 3 |  3.6
Armour         | 1 2 3 |  3.1
Dodging        | 3 4 5 |  5.0
Fighting       | 1 2 |  2.6
Earth Magic    | 2 |  2.5
Air Magic      | 2 |  2.4
Ice Magic      | 2 |  2.1
Stealth        | |  2.4

Action                   |  1- 3 |  4- 6 |  7- 9 | 10-12 || total
-------------------------+-------+-------+-------+-------++-------
Melee: Unarmed           |     3 |       |       |       ||     3
       Short sword       |    12 |       |       |       ||    12
       Dagger            |    23 |    16 |    39 |       ||    78
 Cast: Flame Tongue      |    44 |    71 |   114 |       ||   229
       Throw Flame       |    16 |    33 |    72 |       ||   121
       Inner Flame       |       |     7 |     1 |       ||     8
       Conjure Flame     |       |     3 |     3 |     1 ||     7
       Sticky Flame      |       |     3 |    22 |       ||    25
       Stone Arrow       |       |       |     3 |     1 ||     4
Evoke: Wand              |       |       |     7 |       ||     7
  Use: Scroll            |     6 |     1 |     8 |     2 ||    17
       Potion            |     1 |     3 |     2 |     3 ||     9
 Stab: Sleeping          |     9 |     2 |     1 |       ||    12
  Eat: Chunk             |     3 |     8 |    10 |       ||    21
       Meat ration       |       |       |     2 |       ||     2
Armor: Robe              |     9 |     5 |    29 |       ||    43
Dodge: Dodged            |    35 |    54 |    53 |     2 ||   144
